 Dungeon Crawl Stone Soup version 0.26-a0-818-g75db068ed4 (console) character file.

Game seed: 6435970997004239510

462 jejorda2 the Slasher (level 6, -6/81 HPs)
             Began as a Palentonga Berserker on Nov 14, 2020.
             Was a Priest of Trog.
             Mangled by an ogre
             ... wielding a +0 giant spiked club
              (11 damage)
             ... on level 4 of the Dungeon.
             The game lasted 00:09:21 (3479 turns).

jejorda2 the Slasher (Palentonga Berserker)         Turns: 3479, Time: 00:09:22

Health: -6/81      AC: 23    Str: 20    XL:     6   Next: 79%
Magic:  6/6        EV:  1    Int:  8    God:    Trog [***...]
Gold:   173        SH:  4    Dex: 11    Spells: 5/5 levels left

rFire    . . .     SeeInvis +   a - +0 falchion
rCold    . . .     Faith    .   d - +0 buckler
rNeg     + + +     Spirit   .   (armour currently unavailable)
rPois    +         Reflect  .   (helmet currently unavailable)
rElec    .         Harm     .   (cloak currently unavailable)
rCorr    .         Rampage  .   (gloves currently unavailable)
MR       .....     NoTele   +   (no barding)
Stlth    +.........             (no amulet)
HPRegen  0.23/turn              y - +4 ring of evasion
MPRegen  0.10/turn              (no ring)

@: tree-form, berserk cooldown, slowed, very slow
A: large, rugged brown scales 3, see invisible
a: Berserk, Trog's Hand, Renounce Religion


You were on level 4 of the Dungeon.
You worshipped Trog.
Trog was most pleased with you.
You were a tree.
You visited 1 branch of the dungeon, and saw 4 of its levels.

You collected 173 gold pieces.

Inventory:

Hand Weapons
 a - a +0 falchion (weapon)
Missiles
 o - 9 datura-tipped darts
 s - 25 poisoned darts (quivered)
 z - 8 javelins
Armour
 d - a +0 buckler (worn)
 m - a +0 helmet (melded)
 n - a +0 chain mail (melded)
Jewellery
 y - a +4 ring of evasion (left branch)
Scrolls
 c - a scroll of amnesia {unknown}
 e - 5 scrolls of identify {unknown}
 q - 3 scrolls of teleportation {unknown}
 r - a scroll of fear {unknown}
 t - 2 scrolls of enchant armour {unknown}
 u - a scroll of magic mapping {unknown}
 w - a scroll of remove curse {unknown}
 x - a scroll of fog {unknown}
Potions
 b - a potion of experience {unknown}
 f - 2 potions of brilliance {unknown}
 g - a potion of mutation {unknown}
 h - a potion of heal wounds {unknown}
 i - 2 potions of resistance {unknown}
 j - 4 potions of curing {unknown}
 k - 4 potions of haste {unknown}
 l - a potion of lignification
 p - a potion of degeneration {unknown}
 v - a potion of berserk rage {unknown}


   Skills:
 - Level 3.0 Fighting
 + Level 7.0 Long Blades
 - Level 1.5 Armour
 - Level 1.5 Dodging
 - Level 2.4 Shields


You had 5 spell levels left.
You didn't know any spells.
Your spell library was empty.

Dungeon Overview and Level Annotations

Branches:
Dungeon (4/15)
 Temple: D:4-7

Altars:
Dithmenos
Elyvilon
Gozag
Hepliaklqana
Makhleb
Uskayaw
Vehumet


Innate Abilities, Weirdness & Mutations

(You are completely covered in rugged brown scales. (AC +3, +7% HP))
You have supernaturally acute eyesight. (SInv)
((Armour fits poorly on your strangely shaped body.))
((You can roll at nearby foes to attack.))
((You have a long armoured tail.))


Message History

Unknown command.
Press: ? - help, v - describe, . - travel
Here: an ogre, wielding a +0 giant spiked club (severely wounded)
The floor.
Unknown command.
Unknown command.
It was a potion of lignification.
You turn into a tree.
Your +0 helmet melds into your body.
Your +0 chain mail melds into your body.
Your roots penetrate the ground.
The ogre hits you with a +0 giant spiked club.
* * * LOW HITPOINT WARNING * * *
You hit the ogre but do no damage.
The ogre is severely wounded.
The ogre hits you with a +0 giant spiked club.
* * * LOW HITPOINT WARNING * * *
You completely miss the ogre.
The ogre is severely wounded.
The ogre hits you with a +0 giant spiked club!
You die...

#.### #.... #####
####### ######
#...... #.#.#.#
## #.#....
...#...#.#
#.##.##
#.#.#O#.##
####.##.##
.#...#♣.)#
#.......#.
.#.#.#.#.##
#.##.#####
#...#...#.#
#.##......
.#.#.#.#.##
#.########
..#...#...# #.#
#.#.#.#.## #.# #
#...#...#.#####.#
##
.#.#.#.#.###....#
##.
.#...#†..##.##>##
##..


You could see an ogre.

Vanquished Creatures
  A phantom (D:4)
  An ogre (D:4)
  A howler monkey (D:4)
  2 orc wizards (D:3)
  An orc priest (D:3)
  An iguana (D:4)
  Robin (D:2)
  2 adders
  2 worms
  A dart slug (D:1)
  4 leopard geckos
  6 orcs (D:3)
  8 bats
  4 giant cockroaches
  15 goblins
  9 hobgoblins
  13 jackals
  5 frilled lizards
  9 kobolds (D:1)
  4 rats
90 creatures vanquished.

Notes
Turn   | Place    | Note
-------+----------+-------------------------------------------
     0 | D:1      | jejorda2 the Palentonga Berserker began the quest for the
                  | Orb.
     0 | D:1      | Reached XP level 1. HP: 20/20 MP: 1/1
   257 | D:1      | Reached XP level 2. HP: 27/27 MP: 2/2
   520 | D:1      | You fall into a shaft and drop 1 floor!
  1092 | D:1      | Reached skill level 4 in Long Blades
  1092 | D:1      | Reached XP level 3. HP: 33/33 MP: 3/3
  1349 | D:2      | Reached skill level 1 in Shields
  1356 | D:2      | Reached ** piety under Trog
  1483 | D:2      | Noticed Robin
  1499 | D:2      | Killed Robin
  1717 | D:2      | Reached XP level 4. HP: 36/40 MP: 4/4
  1783 | D:2      | Found a burning altar of Makhleb.
  1783 | D:2      | Found an opulent altar of Gozag.
  1783 | D:2      | Found a white marble altar of Elyvilon.
  1783 | D:2      | Found a hide-covered altar of Uskayaw.
  1785 | D:2      | Found a hazy altar of Hepliaklqana.
  1785 | D:2      | Found a radiant altar of Vehumet.
  2510 | D:3      | Reached *** piety under Trog
  2511 | D:3      | Reached skill level 5 in Long Blades
  2669 | D:3      | Reached XP level 5. HP: 46/48 MP: 5/5
  3222 | D:4      | Reached skill level 6 in Long Blades
  3222 | D:4      | Reached XP level 6. HP: 54/54 MP: 6/6
  3253 | D:4      | Found a shadowy altar of Dithmenos.
  3467 | D:4      | Reached skill level 7 in Long Blades
  3479 | D:4      | Mangled by an ogre

Illustrated notes

Levels and vault maps discovered:
D:1:      minmay_arrival_radiant_lines, layout_loops_cross, chequers_jeans,
          chequers_garden
D:2:      layout_basic, minmay_overflow_temple_hex, serial_aquarium,
          aquarium_bridge_long_joined [aquarium_subvault_bridge,
          aquarium_subvault_window, aquarium_subvault_balcony,
          aquarium_subvault_wall, aquarium_subvault_bridge,
          aquarium_subvault_balcony], aquarium_bridge_square
          [aquarium_subvault_bridge, aquarium_subvault_bridge,
          aquarium_subvault_bridge, aquarium_subvault_bridge],
          aquarium_window_2, aquarium_window_corner, aquarium_view_2d,
          aquarium_view_2e, aquarium_pool_split, kennysheep_flooded_box,
          uniq_robin
D:3:      layout_basic
D:4:      layout_loops_corners, kennysheep_crisscross, grunt_dithmenos_shadows

Skill      XL: |  1  2  3  4  5  6 |
---------------+-------------------+-----
Long Blades    | 4 5 6 7 |  7.0
Shields        | 1 2 |  2.4
Fighting       | |  3.0
Armour         | |  1.5
Dodging        | |  1.5

Action                   |  1- 3 |  4- 6 || total
-------------------------+-------+-------++-------
Melee: Falchion          |   138 |   161 ||   299
       Tailslap          |    18 |    14 ||    32
Invok: Berserk           |     2 |     3 ||     5
       Trog's Hand       |       |     1 ||     1
 Abil: Rolling Charge    |     5 |    20 ||    25
  Use: Potion            |       |     1 ||     1
Armor: Plate armour      |   101 |    39 ||   140
       Chain mail        |       |    56 ||    56
Dodge: Dodged            |    22 |    48 ||    70
Block: Buckler           |    11 |    11 ||    22
       Rpst.: Falchion   |     6 |    15 ||    21

Table legend: (Time is in decaauts)
 A = Elapsed time spent in this place.
 B = Non-inter-level travel time spent in this place.
 C = Inter-level travel time spent in this place.
 D = Time resting spent in this place.
 E = Time spent auto-exploring this place.
 F = Levels seen in this place.
 G = Mean time per level.
                   A        B        C        D        E       F      G
               +--------+--------+--------+--------+--------+-----+--------+
         Total |   3595 |   3543 |     52 |     52 |   2840 |   4 |  898.8 |
       Dungeon |   3595 |   3543 |     52 |     52 |   2840 |   4 |  898.8 |
               +--------+--------+--------+--------+--------+-----+--------+

Top non-repeatable levels by time:
     D:2: 1352 daAuts
     D:1: 1133 daAuts
     D:3: 623 daAuts
     D:4: 485 daAuts
